[Event "Live Chess"]
[Site "Chess.com"]
[Date "2020.07.14"]
[Round "-"]
[White "wepkins"]
[Black "Ryanwang01"]
[Result "1-0"]
[WhiteElo "2369"]
[BlackElo "1725"]
[TimeControl "2100+2"]
[EndTime "19:28:25 PDT"]
[Termination "wepkins won by resignation"]

1. d4 Nf6 2. c4 g6 3. Nc3 d5 4. Nf3 Bg7 5. h4 O-O 6. h5 Nxh5 7. cxd5 Nf6 8. e4
c6 9. dxc6 Nxc6 10. d5 Nb8 11. Bh6 Nh5 12. Qd2 Qb6 13. Bxg7 Kxg7 14. O-O-O Nd7
15. g4 Ndf6 16. gxh5 Bg4 17. h6+ Kh8 18. Bg2 Rac8 19. Qd4 Qxd4 20. Rxd4 Rfd8 21.
Ne5 Kg8 22. Nxg4 Nxg4 23. Bh3 Nxf2 24. Bxc8 Nxh1 25. Bxb7 Rb8 26. Bc6 Nf2 27. e5
Rb4 28. Rxb4 Nd3+ 29. Kd2 Nxb4 30. a3 Na6 31. d6 exd6 32. exd6 Nb8 33. Bb5 Kf8
34. d7 Ke7 35. Ke3 a6 36. Nd5+ Kd8 37. Ba4 Nxd7 38. Bxd7 Kxd7 39. Nf6+ Ke7 40.
Nxh7 f6 41. b4 1-0

[Event "Live Chess"]
[Site "Chess.com"]
[Date "2020.07.14"]
[Round "-"]
[White "knvsback"]
[Black "kclemens"]
[Result "1/2-1/2"]
[WhiteElo "1835"]
[BlackElo "1997"]
[TimeControl "2100+2"]
[EndTime "19:41:34 PDT"]
[Termination "Game drawn by agreement"]

1. e4 e5 2. Nf3 Nf6 3. Nxe5 d6 4. Nf3 Nxe4 5. Nc3 Nf6 6. d4 Be7 7. Bd3 Bg4 8. h3
Bh5 9. O-O Nbd7 10. Bg5 O-O 11. Re1 Re8 12. g4 Bg6 13. Bf1 c6 14. Nh4 d5 15.
Nxg6 hxg6 16. Bg2 Qb6 17. Qd3 Bd6 18. Be3 a5 19. Na4 Qc7 20. Nc5 b6 21. Nxd7
Qxd7 22. c4 Bb4 23. Red1 Rad8 24. Rac1 Bf8 25. Bg5 Be7 26. Qb3 Qb7 27. c5 b5 28.
Re1 Bf8 29. a4 b4 30. Qd3 Rxe1+ 31. Rxe1 Re8 32. Rxe8 Nxe8 33. Qe2 Nc7 34. b3
Ne6 35. Be3 Be7 36. Bf1 Bf6 37. Qd3 g5 38. Qd2 g6 39. Be2 Qe7 40. Kf1 Qc7 41.
Kg2 1/2-1/2

[Event "Live Chess"]
[Site "Chess.com"]
[Date "2020.07.14"]
[Round "-"]
[White "A-boy415"]
[Black "TitanChess666"]
[Result "0-1"]
[WhiteElo "1831"]
[BlackElo "2149"]
[TimeControl "2100+2"]
[EndTime "19:30:29 PDT"]
[Termination "TitanChess666 won by resignation"]

1. d4 Nf6 2. c4 e5 3. dxe5 Ng4 4. e4 Nxe5 5. Nf3 Nbc6 6. Be2 Bb4+ 7. Bd2 Bxd2+
8. Nbxd2 Qf6 9. Qc2 d6 10. Nxe5 dxe5 11. O-O O-O 12. Nb3 Rd8 13. Rfd1 Be6 14.
Rxd8+ Rxd8 15. Rd1 h6 16. Qc3 Rxd1+ 17. Bxd1 Qd8 18. Be2 b6 19. g3 Nd4 20. Qd2
Bxc4 21. Nxd4 Bxe2 22. Nb3 Qxd2 23. Nxd2 Kf8 24. f4 f6 25. Kf2 Bh5 26. Ke3 Ke7
27. Kd3 Bf7 28. b3 Kd6 29. Nf3 a5 30. Kc3 a4 31. Nh4 Be6 32. bxa4 g5 33. fxg5
hxg5 34. Nf3 Bxa2 35. h4 gxh4 36. gxh4 Bf7 37. Nh2 Bh5 38. Nf1 Be8 39. Ng3 Bxa4
40. h5 Ke6 41. Nf5 Kf7 42. Kb4 Bd7 43. Nh6+ Kg7 44. Nf5+ Bxf5 45. exf5 c5+ 0-1

[Event "Live Chess"]
[Site "Chess.com"]
[Date "2020.07.14"]
[Round "-"]
[White "ahyanzaman"]
[Black "ChessTX9"]
[Result "0-1"]
[WhiteElo "1699"]
[BlackElo "1988"]
[TimeControl "2100+2"]
[EndTime "19:27:54 PDT"]
[Termination "ChessTX9 won by checkmate"]

1. e4 c5 2. Nf3 Nc6 3. d4 cxd4 4. Nxd4 Nf6 5. Nc3 e5 6. Ndb5 d6 7. f3 Be6 8. Be3
a6 9. Na3 Rb8 10. Nd5 Nxd5 11. exd5 Qa5+ 12. c3 Qxd5 13. Qc2 Be7 14. Bb6 Nd8 15.
Rd1 Qc6 16. Qf2 O-O 17. c4 d5 18. c5 f5 19. Qg3 Nf7 20. Rc1 Rbc8 21. Qf2 f4 22.
g4 e4 23. h4 Ne5 24. fxe4 dxe4 25. g5 Kh8 26. Rd1 e3 27. Qg2 f3 28. Qg3 f2+ 29.
Ke2 Qe4 30. Bg2 Bg4+ 31. Bf3 Rxf3 32. Qxe5 Rf4+ 33. Kf1 e2# 0-1

[Event "Live Chess"]
[Site "Chess.com"]
[Date "2020.07.14"]
[Round "-"]
[White "oka_ako"]
[Black "gmcarebear999"]
[Result "0-1"]
[WhiteElo "1980"]
[BlackElo "1790"]
[TimeControl "2100+2"]
[EndTime "19:31:50 PDT"]
[Termination "gmcarebear999 won by resignation"]

1. e4 c5 2. Nc3 d6 3. Nge2 Nf6 4. g3 g6 5. Bg2 Bg7 6. O-O O-O 7. d3 Nc6 8. h3
Be6 9. f4 Qc8 10. Kh2 Nd4 11. Be3 Nxe2 12. Qxe2 Rd8 13. Rae1 d5 14. e5 Ne8 15.
Bg1 Rb8 16. g4 b5 17. f5 gxf5 18. gxf5 Bxf5 19. Nxd5 Bf8 20. Rxf5 Qxf5 21. Bxc5
e6 22. Ne7+ Bxe7 23. Bxe7 Qf4+ 24. Kh1 Rd7 25. Bc5 Ng7 26. Rg1 Rc8 27. b4 Qh4
28. Bf2 Qh6 29. Be3 Qh4 30. Bf2 Qxb4 31. Be4 Kh8 32. Be3 Qc3 33. d4 Nf5 34. Bxf5
exf5 35. Bg5 Qxh3+ 36. Qh2 Qf3+ 37. Rg2 h5 38. Bf6+ Kh7 39. e6 fxe6 40. c3 Rxc3
41. d5 Rc1+ 42. Qg1 Rxg1+ 43. Kxg1 Rxd5 0-1

[Event "Live Chess"]
[Site "Chess.com"]
[Date "2020.07.14"]
[Round "-"]
[White "Kondsaga"]
[Black "pika0008"]
[Result "1-0"]
[WhiteElo "1934"]
[BlackElo "1607"]
[TimeControl "2100+2"]
[EndTime "19:34:35 PDT"]
[Termination "Kondsaga won on time"]

1. Nf3 d5 2. c4 c6 3. b3 Nf6 4. Bb2 Bf5 5. d3 e6 6. Nbd2 Nbd7 7. Qc2 h6 8. g3
Qc7 9. Bg2 Bd6 10. O-O O-O-O 11. Rfe1 Bh7 12. e4 dxe4 13. dxe4 Ne5 14. c5 Nxf3+
15. Nxf3 Be7 16. Ne5 Rhf8 17. Rad1 g5 18. Rxd8+ Qxd8 19. Rd1 Qc7 20. b4 Bg8 21.
Nc4 Rd8 22. Be5 Rxd1+ 23. Qxd1 Qd7 24. Nd6+ Bxd6 25. cxd6 Nh7 26. Bg7 f6 27.
Bxh6 e5 28. h4 Bxa2 29. Qd2 Be6 30. hxg5 fxg5 31. f4 gxf4 32. gxf4 exf4 33. e5
f3 34. Bxf3 Qe8 35. Be4 Qg8+ 36. Qg2 Kd7 37. Qxg8 Bxg8 38. Bf5+ Kd8 39. e6 c5
40. bxc5 a5 41. e7+ Ke8 42. Bg6+ Bf7 43. Bxh7 Kd7 44. Bf5+ 1-0

[Event "Live Chess"]
[Site "Chess.com"]
[Date "2020.07.14"]
[Round "-"]
[White "Dontmesswithme_2"]
[Black "laurengoodkindchess"]
[Result "1-0"]
[WhiteElo "2078"]
[BlackElo "1856"]
[TimeControl "2100+2"]
[EndTime "19:40:03 PDT"]
[Termination "Dontmesswithme_2 won by resignation"]

1. d4 d5 2. c4 c6 3. Nf3 e6 4. e3 f5 5. b3 Nf6 6. Bd3 Bd6 7. O-O O-O 8. Bb2 Bd7
9. Nc3 Ne4 10. Ne2 Be8 11. Ne5 Nd7 12. Nxd7 Qxd7 13. Qc2 Bh5 14. f3 Nf6 15. Rae1
Qc7 16. h3 Rac8 17. Nc3 Bg3 18. Rc1 Qd7 19. Ne2 Bb8 20. e4 fxe4 21. fxe4 dxe4
22. Bxe4 Bxe2 23. Qxe2 Nxe4 24. Qxe4 Qd6 25. Rf3 Rxf3 26. gxf3 Qg3+ 27. Kf1 Rf8
28. Rc3 Qxh3+ 29. Ke1 Bg3+ 30. Kd1 Qf1+ 31. Kc2 Qf2+ 32. Kb1 Qf1+ 33. Bc1 Qh3
34. f4 Qg4 35. Rf3 Bh4 36. Rd3 Rxf4 37. Qxf4 Qxf4 38. Bxf4 g5 39. Bg3 Bxg3 40.
Rxg3 h6 41. Kc2 Kf7 42. Kd3 Kf6 43. Ke4 b6 44. Rf3+ Kg6 45. Ke5 h5 46. Kxe6 g4
47. Rf6+ Kg5 48. d5 cxd5 49. cxd5 g3 50. Rf8 Kh4 51. d6 g2 52. Rg8 Kh3 53. d7
Kh2 54. d8=Q a6 55. Qh4+ Kg1 56. Qg3 Kf1 57. Qxg2+ 1-0

[Event "Live Chess"]
[Site "Chess.com"]
[Date "2020.07.14"]
[Round "-"]
[White "I_have_your_king"]
[Black "roboro13"]
[Result "0-1"]
[WhiteElo "1411"]
[BlackElo "1906"]
[TimeControl "2100+2"]
[EndTime "18:59:13 PDT"]
[Termination "roboro13 won by resignation"]

1. e4 Nf6 2. Nc3 d5 3. exd5 Nxd5 4. Nxd5 Qxd5 5. Nf3 Nc6 6. b3 Bg4 7. Be2 Bxf3
8. Bxf3 Qe5+ 9. Qe2 Qxa1 10. O-O e6 11. Qc4 O-O-O 12. Bxc6 bxc6 13. Qxc6 Qxa2
14. d3 Bd6 15. Bd2 Kb8 16. Qc3 Qa3 17. Qxg7 f5 18. Ra1 Qc5 19. Be3 Qe5 20. Bxa7+
Kc8 21. Qxe5 Bxe5 22. Re1 Bd4 23. Bxd4 Rxd4 24. Rxe6 Kd7 25. Rh6 Kc8 26. Kf1 Kb7
27. Rf6 f4 28. Ke2 Ra8 29. Rh6 Ra2 30. Kd2 Rb4 31. Kc3 Rb6 32. Rxh7 Rc6+ 33. Kd4
Raxc2 34. f3 Rxg2 35. Rh4 Rb6 36. Rxf4 Rxb3 37. h4 Rb4+ 38. Ke5 Rxf4 39. Kxf4
Kc6 40. h5 Kd5 41. Kf5 Kd4 42. h6 Kxd3 43. f4 Ke3 44. Ke5 Rh2 45. f5 Rxh6 46. f6
Rxf6 47. Kxf6 c5 48. Ke5 c4 0-1

[Event "Live Chess"]
[Site "Chess.com"]
[Date "2020.07.14"]
[Round "-"]
[White "bobbejaan"]
[Black "rilbear"]
[Result "1-0"]
[WhiteElo "1884"]
[BlackElo "1263"]
[TimeControl "2100+2"]
[EndTime "19:20:33 PDT"]
[Termination "bobbejaan won by resignation"]

1. e4 e5 2. Nf3 Nc6 3. Bb5 d6 4. O-O Nf6 5. h3 g6 6. Re1 Bg7 7. d3 Bd7 8. c4 O-O
9. Nc3 Qc8 10. Nd5 Nxd5 11. cxd5 Ne7 12. Qa4 Bxb5 13. Qxb5 a6 14. Qc4 b5 15. Qc2
c5 16. dxc6 Qxc6 17. Qb3 h6 18. Bd2 Qd7 19. Rac1 Rfc8 20. Bb4 a5 21. Rxc8+ Qxc8
22. Bxd6 Qd7 23. Bxe5 Bxe5 24. Nxe5 Qe6 25. Qxe6 fxe6 26. Rc1 Rc8 27. Rxc8+ Nxc8
28. Nxg6 Nb6 29. b3 a4 30. Kf1 axb3 31. axb3 Nd7 32. d4 Nf6 33. f3 Ne8 34. Ke2
Nc7 35. Kd3 Kf7 36. Ne5+ Kf6 37. f4 Na6 38. Nc6 Kg6 39. g4 Nc7 40. h4 h5 41.
Ne5+ Kh6 42. g5+ Kg7 43. f5 exf5 44. exf5 Nd5 45. f6+ Kf8 46. Ke4 Nc3+ 47. Kf5
Ne2 48. Nc6 b4 49. d5 Ng3+ 50. Ke6 Ne4 51. g6 Nc5+ 52. Kf5 Nd7 53. Nxb4 Nc5 54.
d6 Nb7 55. Ke5 Nc5 56. Nc6 Nd7+ 57. Kf5 Ke8 58. b4 Nb6 59. Ke6 Nd7 60. f7+ Kf8
61. Kxd7 Kg7 62. Ke6 Kf8 63. d7 Kg7 64. d8=Q Kh6 65. f8=Q+ 1-0

[Event "Live Chess"]
[Site "Chess.com"]
[Date "2020.07.14"]
[Round "-"]
[White "chessappeals"]
[Black "kevin_mx_sun"]
[Result "1-0"]
[WhiteElo "1783"]
[BlackElo "1009"]
[TimeControl "2100+2"]
[EndTime "19:22:14 PDT"]
[Termination "chessappeals won by resignation"]

1. Nf3 Nf6 2. g3 g6 3. Bg2 Bg7 4. O-O O-O 5. d3 d5 6. Nbd2 c5 7. e4 dxe4 8. Nxe4
Nxe4 9. dxe4 Nc6 10. c3 Bd7 11. Be3 b6 12. Qc2 Rc8 13. Rad1 Qc7 14. Rd2 Bg4 15.
h3 Bxf3 16. Bxf3 Rfd8 17. Rfd1 Rxd2 18. Rxd2 Rd8 19. Rxd8+ Qxd8 20. Qd2 Qxd2 21.
Bxd2 Ne5 22. Be2 e6 23. f4 Nd7 24. e5 f6 25. Bb5 Nf8 26. exf6 Bxf6 27. Kf2 e5
28. Kf3 Kf7 29. fxe5 Bxe5 30. Bf4 Bxf4 31. Kxf4 Kf6 32. Bc4 Ne6+ 33. Bxe6 Kxe6
34. Kg5 Kf7 35. b4 cxb4 36. cxb4 Kg7 37. a4 a6 38. b5 a5 39. g4 h6+ 40. Kf4 g5+
41. Ke5 h5 42. Kd5 hxg4 43. hxg4 Kf6 44. Kd6 Kf7 45. Kc6 1-0

[Event "Live Chess"]
[Site "Chess.com"]
[Date "2020.07.14"]
[Round "-"]
[White "BogusAurelius"]
[Black "mutantpenguin"]
[Result "1-0"]
[WhiteElo "2029"]
[BlackElo "1475"]
[TimeControl "2100+2"]
[EndTime "19:01:23 PDT"]
[Termination "BogusAurelius won by checkmate"]

1. e4 e6 2. d4 d5 3. Nc3 Nf6 4. e5 Nfd7 5. Nce2 c5 6. c3 Qb6 7. Nf3 Be7 8. g3
O-O 9. Bg2 f6 10. exf6 Nxf6 11. O-O Nc6 12. Nf4 Bd7 13. Ne5 cxd4 14. Nxd7 Nxd7
15. Nxe6 Rfe8 16. Qg4 Bf6 17. Bxd5 Nce5 18. Nc7+ Kh8 19. Nxa8 Nxg4 20. Nxb6 Nxb6
21. Bxb7 dxc3 22. bxc3 Bxc3 23. Rb1 Re2 24. Bf3 Rxa2 25. Bxg4 h6 26. Rd1 g6 27.
Be3 Bb2 28. Rxb2 Rxb2 29. Bd4+ Kh7 30. Bxb2 Kg8 31. Bd4 Kf7 32. Bxb6 axb6 33.
Rd6 b5 34. Rb6 h5 35. Be2 g5 36. Bxb5 h4 37. Kg2 hxg3 38. hxg3 g4 39. Be2 Ke7
40. Bxg4 Kd8 41. Rb7 Ke8 42. Kf3 Kf8 43. Kf4 Kg8 44. Ke5 Kh8 45. Kf6 Kg8 46. Bf5
Kh8 47. Rb8# 1-0

[Event "Live Chess"]
[Site "Chess.com"]
[Date "2020.07.14"]
[Round "-"]
[White "starserika18"]
[Black "cccalboy"]
[Result "0-1"]
[WhiteElo "1693"]
[BlackElo "1794"]
[TimeControl "2100+2"]
[EndTime "19:21:43 PDT"]
[Termination "cccalboy won by resignation"]

1. d4 Nf6 2. c4 c5 3. Nf3 cxd4 4. Nxd4 Nc6 5. Nc3 g6 6. Bg5 Bg7 7. e3 Qa5 8. Nb3
Qxg5 9. Nb5 O-O 10. g3 Qe5 11. Qe2 d5 12. f4 Qe4 13. Bg2 Qxc4 14. Nc7 Rb8 15.
Qxc4 dxc4 16. Nd2 Nb4 17. Ke2 Bg4+ 18. Bf3 Bxf3+ 19. Kxf3 a6 20. a3 Nd3 21. e4
Rfd8 22. Nd5 Nxd5 23. exd5 Nxb2 24. Rac1 b5 25. Rc2 Rxd5 26. Re1 e6 27. Ne4 Rd3+
28. Kg2 Rbd8 29. Ree2 c3 30. Nc5 Rd2 31. Kf1 Rxe2 32. Kxe2 Rd2+ 33. Rxd2 cxd2
34. Kxd2 Nc4+ 35. Kd3 a5 36. Nb7 a4 37. h3 Nxa3 38. Nd6 Kf8 39. g4 Ke7 40. Ne4
h6 41. h4 Nc4 42. Nc5 a3 43. Nb3 a2 44. g5 h5 45. Kc2 a1=Q 46. Nxa1 Bxa1 47. Kb3
Nd6 48. Kb4 Bd4 0-1

[Event "Live Chess"]
[Site "Chess.com"]
[Date "2020.07.14"]
[Round "-"]
[White "eatdinner"]
[Black "vish1080"]
[Result "1/2-1/2"]
[WhiteElo "1791"]
[BlackElo "1664"]
[TimeControl "2100+2"]
[EndTime "19:22:44 PDT"]
[Termination "Game drawn by agreement"]

1. d4 Nf6 2. Bf4 d6 3. Nf3 g6 4. Nc3 Bg7 5. e4 O-O 6. h3 Nc6 7. d5 Nb4 8. a3 Na6
9. Bxa6 bxa6 10. O-O Nd7 11. Nd4 Bb7 12. Qd2 Ne5 13. b3 c5 14. Nde2 Bc8 15. Bh6
f5 16. Bxg7 Kxg7 17. f3 Bd7 18. Nf4 fxe4 19. fxe4 Qb6 20. Kh1 Rf6 21. Nd3 Nxd3
22. Rxf6 exf6 23. Qxd3 Re8 24. Rf1 f5 25. exf5 Bxf5 26. Qf3 Qd8 27. g4 Qg5 28.
gxf5 Re3 29. f6+ Kf7 30. Qg4 Qxg4 31. hxg4 Rxc3 32. Rf2 Rg3 33. Rh2 Kxf6 34.
Rxh7 Rxg4 35. Rxa7 Ke5 36. Rxa6 Kxd5 37. a4 Rh4+ 38. Kg2 g5 39. c4+ Ke5 40. Rc6
Rd4 41. Rb6 Kf4 42. a5 Rd2+ 43. Kf1 Ra2 44. Rxd6 Rxa5 45. Ke2 g4 46. Rd5 Ra2+
47. Kf1 Rb2 48. Rxc5 Rxb3 49. Rb5 Rc3 50. Rc5 Kg3 51. Rc8 Rc1+ 52. Ke2 Kg2 53.
c5 g3 54. c6 Kg1 55. c7 g2 56. Kd2 Rc6 57. Ke2 Re6+ 58. Kd2 Rc6 1/2-1/2

[Event "Live Chess"]
[Site "Chess.com"]
[Date "2020.07.14"]
[Round "-"]
[White "cesart_B32"]
[Black "KeRtheBarbarian"]
[Result "1-0"]
[WhiteElo "1600"]
[BlackElo "1739"]
[TimeControl "2100+2"]
[EndTime "19:30:44 PDT"]
[Termination "cesart_B32 won by resignation"]

1. d4 d5 2. c4 e6 3. g3 Nf6 4. Bg2 c6 5. Qc2 Be7 6. Nf3 Nbd7 7. O-O O-O 8. b3 b6
9. Nc3 Bb7 10. Rd1 Rc8 11. Bf4 c5 12. e4 cxd4 13. exd5 exd5 14. Nxd4 Ba8 15. Nf5
dxc4 16. Bxa8 Rxa8 17. Nxe7+ Qxe7 18. Bd6 Qe6 19. Bxf8 Rxf8 20. bxc4 Ne5 21. Nd5
Nf3+ 22. Kg2 Nh4+ 23. gxh4 Qg4+ 24. Kf1 Qh3+ 25. Ke1 Re8+ 26. Kd2 Nxd5 27. cxd5
Rc8 28. Qd3 Qg2 29. Qd4 Qg6 30. Rac1 Re8 31. Re1 Qh6+ 32. Kc2 Rc8+ 33. Kb2 1-0

[Event "Live Chess"]
[Site "Chess.com"]
[Date "2020.07.14"]
[Round "-"]
[White "gmbchess"]
[Black "peekaboopenguin"]
[Result "0-1"]
[WhiteElo "1494"]
[BlackElo "1695"]
[TimeControl "2100+2"]
[EndTime "19:13:53 PDT"]
[Termination "peekaboopenguin won by resignation"]

1. e4 c5 2. Nf3 e6 3. d4 cxd4 4. Nxd4 a6 5. c4 Nf6 6. Nc3 Qc7 7. Bd3 g6 8. O-O
Bg7 9. Be3 O-O 10. f4 d6 11. Rc1 b6 12. Qb3 Bb7 13. Nde2 Nbd7 14. h3 Nc5 15. Qc2
Nxd3 16. Qxd3 Rac8 17. b3 Qc6 18. Ng3 Nd7 19. Rfd1 Bxc3 20. Rxc3 d5 21. Rdc1
dxe4 22. Qd4 Rfd8 23. Rd1 Nc5 24. Qxd8+ Rxd8 25. Rxd8+ Kg7 26. Bxc5 Qxc5+ 27.
Kf1 e5 0-1

[Event "Live Chess"]
[Site "Chess.com"]
[Date "2020.07.14"]
[Round "-"]
[White "imcharlene"]
[Black "Daniel_Perlov"]
[Result "1-0"]
[WhiteElo "1124"]
[BlackElo "1364"]
[TimeControl "2100+2"]
[EndTime "19:24:30 PDT"]
[Termination "imcharlene won by checkmate"]

1. e4 c5 2. Nf3 g6 3. d4 cxd4 4. Qxd4 Nf6 5. Bc4 Nc6 6. Qd3 Bg7 7. O-O O-O 8.
Nc3 Ng4 9. Bb3 d6 10. h3 Nge5 11. Nxe5 Nxe5 12. Qd1 a6 13. Bf4 Qc7 14. Nd5 Qd8
15. Bg5 Re8 16. f4 Nd7 17. Nxe7+ Rxe7 18. Qxd6 Kf8 19. Rad1 Qb6+ 20. Qxb6 Nxb6
21. Bxe7+ Kxe7 22. f5 gxf5 23. exf5 Bf8 24. f6+ Ke8 25. Rde1+ Kd8 26. Bxf7 Bd7
27. Be6 Kc7 28. Bxd7 Kxd7 29. f7 Bc5+ 30. Kh1 Rf8 31. Re4 Nc8 32. Rh4 Nd6 33.
Rxh7 Ke7 34. g4 Nxf7 35. g5 Ke6 36. Rf6+ Ke7 37. Rf5 Bd4 38. g6 Bf6 39. Rf3 Ke6
40. Rxf7 Rxf7 41. gxf7 Kxf7 42. Rb3 b5 43. Ra3 Bxb2 44. Rxa6 b4 45. Rb6 Bc3 46.
Kg2 Kg7 47. h4 Kf7 48. Kf3 Kg7 49. h5 Kf7 50. h6 Ke7 51. h7 Kd7 52. Rb8 Kc6 53.
h8=Q Bxh8 54. Rxh8 Kc5 55. Rb8 Kc4 56. Ke2 Kc3 57. Kd1 Kc4 58. Kd2 Kc5 59. c3
bxc3+ 60. Kxc3 Kc6 61. Kc4 Kc7 62. Rb5 Kc6 63. a4 Kc7 64. a5 Kc6 65. a6 Kc7 66.
a7 Kc6 67. a8=Q+ Kd6 68. Qa6+ Kd7 69. Rb7+ Kc8 70. Qa8# 1-0

[Event "Live Chess"]
[Site "Chess.com"]
[Date "2020.07.14"]
[Round "-"]
[White "pranavpradeep2006"]
[Black "pegasus1015"]
[Result "1-0"]
[WhiteElo "1252"]
[BlackElo "1523"]
[TimeControl "2100+2"]
[EndTime "18:36:42 PDT"]
[Termination "pranavpradeep2006 won by checkmate"]

1. e4 e5 2. Nf3 Nc6 3. Bb5 d6 4. Nc3 a6 5. Ba4 b5 6. Bb3 Bg4 7. h3 Bh5 8. Bd5
Bxf3 9. Bxc6+ Ke7 10. Qxf3 Rb8 11. Nd5+ Ke6 12. Qg4+ f5 13. Qxf5# 1-0

[Event "Live Chess"]
[Site "Chess.com"]
[Date "2020.07.14"]
[Round "-"]
[White "camachom"]
[Black "dynamiccase2"]
[Result "0-1"]
[WhiteElo "1031"]
[BlackElo "1129"]
[TimeControl "2100+2"]
[EndTime "19:08:08 PDT"]
[Termination "dynamiccase2 won by resignation"]

1. e4 e5 2. f4 d6 3. Nf3 Nc6 4. Bc4 Bg4 5. Bxf7+ Kxf7 6. Ng5+ Qxg5 7. fxg5 Bxd1
8. O-O+ Kg6 9. Rxd1 Be7 10. Nc3 Bxg5 11. b3 a6 12. Bb2 Nge7 13. d3 Be3+ 14. Kh1
Bd4 15. g3 b5 16. Rab1 b4 17. Ne2 Bxb2 18. Rxb2 Nd4 19. Ng1 Rhf8 20. Nh3 h6 21.
Kg2 Nec6 22. Rc1 Ne2 23. Re1 Nc3 24. Nf2 Nd4 25. Nd1 Rf7 26. Nxc3 bxc3 27. Rbb1
Raf8 0-1

[Event "Live Chess"]
[Site "Chess.com"]
[Date "2020.07.14"]
[Round "-"]
[White "andrewaballantyne"]
[Black "rahimftd"]
[Result "1-0"]
[WhiteElo "948"]
[BlackElo "595"]
[TimeControl "2100+2"]
[EndTime "19:01:04 PDT"]
[Termination "andrewaballantyne won by checkmate"]

1. e4 e5 2. Nf3 Nc6 3. Bc4 Nf6 4. d3 Na5 5. Bb3 Nxb3 6. axb3 Bc5 7. O-O d6 8.
Nc3 O-O 9. d4 exd4 10. Nxd4 a6 11. Nf5 g6 12. Nh6+ Kg7 13. Qf3 Be6 14. Bg5 Qe7
15. Nd5 Bxd5 16. exd5 Qe5 17. Bf4 Qxd5 18. Qg3 Nh5 19. Qg4 Nxf4 20. Qxf4 Rae8
21. Rad1 Qe6 22. Ng4 Kh8 23. h3 c6 24. Rde1 Qd5 25. Qf6+ Kg8 26. Nh6# 1-0

[Event "Live Chess"]
[Site "Chess.com"]
[Date "2020.07.14"]
[Round "-"]
[White "1-h4-1-0"]
[Black "ecwinslow"]
[Result "0-1"]
[WhiteElo "1572"]
[BlackElo "2278"]
[TimeControl "2100+2"]
[EndTime "19:39:12 PDT"]
[Termination "ecwinslow won by checkmate"]

1. e4 c5 2. Nf3 d6 3. d4 cxd4 4. Nxd4 Nf6 5. Nc3 a6 6. f3 e5 7. Nb3 Be6 8. Be3
h5 9. Qd2 Nbd7 10. h3 Qc7 11. Be2 Rc8 12. O-O-O Be7 13. g4 Nb6 14. Rhg1 hxg4 15.
hxg4 Nfd7 16. Rh1 Rxh1 17. Rxh1 Nc4 18. Rh8+ Bf8 19. Bxc4 Bxc4 20. Qh2 b5 21. f4
b4 22. Nd5 Bxd5 23. exd5 Qc4 24. fxe5 Nxe5 25. Qg2 Qxg4 26. Qxg4 Nxg4 27. Bf4
Ne5 28. Kd2 Ng6 29. Rxf8+ Nxf8 30. Bxd6 Rd8 31. Bxb4 Rxd5+ 32. Ke3 Ne6 33. c4
Re5+ 34. Kd3 f5 35. Bc3 Nf4+ 36. Kd4 Re4+ 37. Kc5 g5 38. Nd2 Re6 39. b4 Ne2 40.
Bb2 g4 41. Kd5 Nf4+ 42. Kc5 Kd7 43. b5 Nd3+ 44. Kd4 Nxb2 45. Nb3 Re4+ 46. Kd5
Rxc4 47. bxa6 Kc7 48. Nd2 Ra4 49. Ke5 f4 50. Kf5 f3 51. Nf1 Nd3 52. a7 Kb7 53.
Kg5 Kxa7 54. Kh4 f2 55. Kg3 Rf4 56. Kh2 Rf3 57. Kg2 Nf4+ 58. Kh1 Rh3+ 59. Nh2
f1=Q# 0-1

[Event "Live Chess"]
[Site "Chess.com"]
[Date "2020.07.14"]
[Round "-"]
[White "FelixGerman"]
[Black "KyronGriffith"]
[Result "0-1"]
[WhiteElo "1976"]
[BlackElo "2470"]
[TimeControl "2100+2"]
[EndTime "19:21:29 PDT"]
[Termination "KyronGriffith won by resignation"]

1. d4 Nf6 2. c4 g6 3. Nc3 Bg7 4. e4 d6 5. Be2 O-O 6. h4 c5 7. d5 b5 8. cxb5 a6
9. h5 axb5 10. hxg6 b4 11. gxh7+ Kh8 12. Nb1 Nxe4 13. Bh6 Bxb2 14. Qc2 Bxa1 15.
Qxe4 f5 16. Qh4 Bf6 17. Qh5 Rxa2 18. Nh3 Nd7 19. Ng5 Bxg5 20. Qxg5 Rxe2+ 21.
Kxe2 Rf7 22. Qc1 Rxh7 23. Qb2+ Nf6 24. Rh3 Qg8 25. Rg3 Ba6+ 26. Ke1 Qxd5 27. Nd2
Rxh6 0-1

[Event "Live Chess"]
[Site "Chess.com"]
[Date "2020.07.14"]
[Round "-"]
[White "jij2018"]
[Black "Berrovsky"]
[Result "1-0"]
[WhiteElo "2242"]
[BlackElo "1671"]
[TimeControl "2100+2"]
[EndTime "19:11:15 PDT"]
[Termination "jij2018 won by resignation"]

1. e4 d6 2. d4 Nf6 3. Nc3 Nbd7 4. Be3 e5 5. g3 c6 6. Bg2 Qc7 7. h3 Be7 8. Nge2
a6 9. O-O b5 10. a3 Bb7 11. f4 Nh5 12. Kh2 exf4 13. gxf4 g6 14. Bf3 O-O-O 15. d5
c5 16. b4 Nb6 17. Bg1 Ng7 18. Qd3 f5 19. bxc5 dxc5 20. e5 Nc4 21. d6 Qb6 22. Nd5
Bxd5 23. Qxd5 Bh4 24. Bxc5 Qb8 25. Qc6+ 1-0

[Event "Live Chess"]
[Site "Chess.com"]
[Date "2020.07.14"]
[Round "-"]
[White "chessboi2010"]
[Black "ashikuzzaman"]
[Result "0-1"]
[WhiteElo "1506"]
[BlackElo "1940"]
[TimeControl "2100+2"]
[EndTime "19:36:49 PDT"]
[Termination "ashikuzzaman won by resignation"]

1. e4 c5 2. Nf3 d6 3. d4 cxd4 4. Nxd4 Nf6 5. Nc3 g6 6. Be3 a6 7. f3 b5 8. a3 Bb7
9. Qd2 Nbd7 10. O-O-O Rc8 11. Kb1 Nb6 12. g4 Nc4 13. Bxc4 Rxc4 14. h4 h5 15. g5
Nd7 16. Nb3 Bg7 17. Ka2 Ne5 18. Qe2 O-O 19. Nd5 Bxd5 20. Rxd5 Qc7 21. Rc1 Rc8
22. c3 e6 23. Rd4 a5 24. Nd2 Rxd4 25. Bxd4 b4 26. f4 Nd7 27. Bxg7 Kxg7 28. Nb3
a4 29. Nd4 b3+ 30. Kb1 Qc5 31. f5 exf5 32. exf5 Qe5 33. f6+ Kf8 34. Qxe5 Nxe5
35. Nb5 d5 36. Rd1 Rd8 37. Nc7 Nf3 38. c4 d4 39. Nd5 Rc8 40. Nb6 Rc6 41. c5 Ke8
42. Nxa4 Nxh4 43. Rxd4 Nf3 44. Rb4 h4 45. Rf4 Nxg5 46. Rxh4 Rxf6 47. Rh1 Kd7 48.
Rd1+ Kc6 49. Nb6 Ne4 50. Nd7 Rf2 51. Ne5+ Kb5 52. c6 Kb6 53. Rc1 Kc7 54. Rd1 Nd6
55. a4 g5 56. a5 f6 57. Nd3 Rf5 58. Nc1 Rb5 59. Rd3 Kxc6 60. Nxb3 Rb8 61. Nd4+
Kb7 62. Rb3+ Ka8 63. Rf3 Ne4 64. Re3 Nd2+ 65. Kc1 Nc4 66. Rc3 Nxb2 67. Nc6 Na4
68. Ra3 Rc8 69. Rxa4 Rxc6+ 70. Kb2 Ka7 71. Kb3 Ka6 72. Kb4 Re6 73. Ra1 Re4+ 74.
Kc5 Re5+ 75. Kb4 Rb5+ 76. Kc4 Rxa5 77. Rf1 f5 78. Rg1 g4 79. Kd3 Rc5 80. Ke3 Kb5
81. Kf4 Kc6 82. Re1 Kd6 83. Rd1+ Rd5 84. Ra1 Rc5 85. Rd1+ Ke6 86. Re1+ Kf6 87.
Rd1 Rc4+ 88. Kg3 Kg5 89. Rd5 Rc3+ 90. Kg2 Re3 91. Kf2 Re4 92. Rd8 Kf4 93. Rd3
Ra4 94. Rd2 g3+ 95. Kg2 Kg4 96. Rb2 f4 97. Rb3 f3+ 98. Rxf3 Ra2+ 99. Rf2 Rxf2+
100. Kh1 Ra2 101. Kg1 Kf3 0-1

[Event "Live Chess"]
[Site "Chess.com"]
[Date "2020.07.14"]
[Round "-"]
[White "saatvik1"]
[Black "FlightsOfFancy"]
[Result "1-0"]
[WhiteElo "1797"]
[BlackElo "2075"]
[TimeControl "2100+2"]
[EndTime "19:50:52 PDT"]
[Termination "saatvik1 won on time"]

1. Nf3 Nf6 2. g3 g6 3. Bg2 Bg7 4. O-O O-O 5. c4 d6 6. Nc3 Nc6 7. d3 e5 8. Bg5 h6
9. Bd2 Ne7 10. b4 Nd7 11. a4 f5 12. a5 a6 13. Ne1 g5 14. Nc2 Nf6 15. b5 Ng6 16.
Nb4 axb5 17. cxb5 e4 18. dxe4 Nxe4 19. Nxe4 Bxa1 20. Qb3+ Kh7 21. Nxg5+ hxg5 22.
Rxa1 Qe8 23. Qc4 Ne5 24. Qxc7+ Rf7 25. Qb6 Nc4 26. Qd4 Nxd2 27. Qxd2 Qe5 28. Rc1
Be6 29. a6 Qxb5 30. axb7 Ra4 31. Nc6 Rxb7 32. Nd4 Rxd4 33. Qxd4 Qb2 34. Qxb2
Rxb2 35. Bf3 Rd2 36. e3 Kg7 37. Rc7+ Kf6 38. h4 gxh4 39. gxh4 Rb2 40. h5 Rb8 41.
Kf1 Rh8 42. Ke2 Bf7 43. Rc6 Ke5 44. Rc1 Bxh5 45. Bxh5 Rxh5 46. f4+ Ke6 47. Kd3
Rh2 48. Rd1 Ra2 49. Kd4 Ra3 50. Rd3 Ra4+ 51. Kc3 1-0